 Dungeon Crawl Stone Soup version 0.21.1-1-g345015f (webtiles) character file.

1261 sking99 the Shield-Bearer (level 8, -4/55 HPs)
             Began as an Octopode Fighter on June 26, 2018.
             Was an Initiate of Ru.
             Hit by a stone thrown by an orc warrior (7 damage)
             ... on level 5 of the Dungeon.
             The game lasted 00:12:17 (5122 turns).

sking99 the Shield-Bearer (Octopode Fighter)        Turns: 5122, Time: 00:12:18

Health: -4/55      AC:  1    Str: 16    XL:     8   Next: 52%
Magic:  17/17      EV: 14    Int: 10    God:    Ru [......]
Gold:   191        SH: 10    Dex: 13    Spells: 7/7 levels left

rFire    . . .     SeeInvis .   w - +0 trident (freeze)
rCold    . . .     Gourm    .   b - +0 shield
rNeg     . . .     Faith    .   (helmet restricted)
rPois    +         Spirit   .   (no amulet)
rElec    .         Reflect  .   f - ring of magical power
rCorr    .         Harm     .   j - ring of poison resistance
MR       .....                  (no ring)
Stlth    ++........             (no ring)
HPRegen  0.18/turn              (no ring)
MPRegen  0.15/turn              (no ring)
                                (no ring)
                                (no ring)

@: no status effects
A: almost no armour, stealthy swim, amphibious, 8 rings, constrict 8, camouflage
1, gelatinous body 1
a: Renounce Religion


You were on level 5 of the Dungeon.
You worshipped Ru.
Ru was noncommittal.
You were not hungry.

You visited 1 branch of the dungeon, and saw 5 of its levels.

You collected 191 gold pieces.

Inventory:

Hand Weapons
 a - a +0 trident
 w - a +0 trident of freezing (weapon)
Armour
 b - a +0 shield (worn)
Jewellery
 f - a ring of magical power (left tentacle)
 j - a ring of poison resistance (right tentacle)
 v - an uncursed amulet of rage {unknown}
Wands
 q - a wand of flame (8)
Scrolls
 e - a scroll of enchant armour {unknown}
 g - a scroll of blinking {unknown}
 i - 4 scrolls of remove curse
 k - 3 scrolls of amnesia {unknown}
 l - 4 scrolls of identify {unknown}
 m - 2 scrolls of immolation {unknown}
 n - 3 scrolls of teleportation {unknown}
 s - a scroll of enchant weapon {unknown}
 t - a scroll of fear {unknown}
Potions
 c - a potion of lignification {unknown}
 h - 4 potions of flight {unknown}
 o - 2 potions of heal wounds {unknown}
 p - a potion of might
 r - a potion of mutation {unknown}
 u - a potion of curing {unknown}
Comestibles
 d - 12 rations
 x - 4 chunks of flesh


   Skills:
 + Level 5.0 Fighting
 * Level 6.0 Polearms
 + Level 4.9 Dodging
 * Level 6.6 Shields


You had 7 spell levels left.
You didn't know any spells.

Dungeon Overview and Level Annotations

Branches:
Dungeon (5/15)
 Temple: D:4-7

Altars:
Ashenzari
Fedhas
Nemelex Xobeh
Okawaru
Ru
Yredelemnul
The Shining One


Innate Abilities, Weirdness & Mutations

You cannot wear most types of armour.
You are very stealthy in the water. (Stealth+)
You are amphibious.
You can wear up to eight rings at the same time.
You can use your tentacles to constrict eight enemies at once.
Your skin changes colour to match your surroundings (Stealth+).
Your rubbery body absorbs attacks. (AC +1, EV +1)


Message History

The orc warrior is severely wounded.
You constrict the orc warrior, but do no damage.
The orc warrior hits you with a war axe!!
You release your grip on the orc warrior.
The orc warrior throws a stone.
You block the stone.
You see here a stone.
The orc warrior throws a stone.
The stone hits you.
* * * LOW HITPOINT WARNING * * *
You see here a stone.
The orc warrior throws a stone.
The stone barely misses you.
The orc warrior throws a stone.
The stone hits you!
* * * LOW HITPOINT WARNING * * *
You see here a stone.
The orc warrior throws a stone.
The stone barely misses you.
You see here 26 stones.
The orc warrior throws a stone.
The stone misses you.
You see here a stone.
There is an open door here.
The orc warrior throws a stone.
The stone hits you!
You die...

.#######.# #.#
.W.....#.# #o#
.#####.#.# #.# ..#
#.#.# #(# #.# #.#.#
#(# #.## #.#.# #.#
#..# #.#.# #.#
##.###.#.######'#####
#..............@...#
##...............#.#
#.#.._..........#.#
#...............#.#
..................#.#
###.####..........#.#
............##'#.#.#
###..###.###(##.#>#.#
........###.##.#.#.#


You could see an orc warrior.

Vanquished Creatures
  The ghost of eyesofgods1 the Changer, a novice DsTm (D:5)
  Edmund (D:4)
  Duvessa (D:5)
  A centaur (D:5)
  Dowan (D:5)
  2 howler monkeys (D:4)
  A crimson imp (D:3)
  A quasit (D:5)
  2 orc priests (D:5)
  A bullfrog skeleton (D:4)
  4 orc wizards
  3 worker ants
  A hound zombie (D:2)
  A hound skeleton (D:2)
  7 adders
  An ooze (D:2)
  2 adder zombies
  An adder skeleton (D:2)
  3 dart slugs
  3 leopard geckos
  10 orcs
  8 bats
  5 giant cockroaches
  7 goblins
  10 hobgoblins
  3 jackals
  3 quokkas
  2 ball pythons
  2 ball python zombies (D:2)
  5 frilled lizards
  5 kobolds
  A leopard gecko skeleton (D:4)
  A quokka skeleton (D:2)
  10 rats
110 creatures vanquished.

Notes
Turn   | Place    | Note
-------+----------+-------------------------------------------
     0 | D:1      | sking99 the Octopode Fighter began the quest for the Orb.
     0 | D:1      | Reached XP level 1. HP: 16/16 MP: 1/1
   173 | D:1      | Reached XP level 2. HP: 20/21 MP: 2/2
   440 | D:1      | Reached XP level 3. HP: 25/26 MP: 3/3
  1091 | D:2      | Reached XP level 4. HP: 28/31 MP: 4/4
  1825 | D:3      | Found a faded altar of an unknown god.
  1857 | D:3      | Found a glowing golden altar of the Shining One.
  1888 | D:3      | Became a worshipper of the Shining One
  1897 | D:3      | Found a sparkling altar of Nemelex Xobeh.
  1934 | D:3      | Reached XP level 5. HP: 36/36 MP: 5/5
  2759 | D:3      | Reached XP level 6. HP: 39/43 MP: 6/6
  2768 | D:3      | Found a blossoming altar of Fedhas.
  3057 | D:4      | Noticed Edmund
  3067 | D:4      | Killed Edmund
  3335 | D:4      | Found an iron altar of Okawaru.
  3389 | D:4      | Reached skill level 5 in Shields
  3389 | D:4      | Reached XP level 7. HP: 48/48 MP: 7/7
  3602 | D:4      | Found a sacrificial altar of Ru.
  3773 | D:4      | Fell from the grace of the Shining One
  3773 | D:4      | Became a worshipper of Ru the Awakened
  3951 | D:5      | Entered Level 5 of the Dungeon
  3976 | D:5      | Noticed Duvessa
  3976 | D:5      | Noticed Dowan
  3987 | D:5      | Killed Duvessa
  3990 | D:5      | Killed Dowan
  3990 | D:5      | Reached skill level 5 in Polearms
  4142 | D:5      | Found a shattered altar of Ashenzari.
  4500 | D:5      | Reached XP level 8. HP: 15/54 MP: 8/8
  4771 | D:5      | Found a basalt altar of Yredelemnul.
  4894 | D:5      | Noticed eyesofgods1's ghost (novice DsTm)
  4951 | D:5      | Killed eyesofgods1's ghost
  4951 | D:5      | Reached skill level 5 in Fighting
  5112 | D:5      | HP: 1/55 [orc warrior/stone (15)]
  5122 | D:5      | Hit by a stone thrown by an orc warrior

Skill      XL: |  1  2  3  4  5  6  7  8 |
---------------+-------------------------+-----
Polearms       | 3 4 5 6 |  6.0
Shields        | 4 5 6 |  6.6
Fighting       | 4 5 |  5.0
Dodging        | 4 |  4.9

Action                   |  1- 3 |  4- 6 |  7- 9 || total
-------------------------+-------+-------+-------++-------
Melee: Trident           |    74 |   125 |   105 ||   304
       Constrict         |    19 |    29 |    16 ||    64
       Tentacles         |    13 |    24 |    17 ||    54
  Use: Potion            |     1 |       |       ||     1
       Scroll            |       |     1 |       ||     1
 Stab: Sleeping          |     7 |     3 |     3 ||    13
       Distracted        |       |       |     1 ||     1
  Eat: Ration            |       |     1 |       ||     1
       Chunk             |       |     5 |     5 ||    10
Armor: Skin              |     8 |       |     2 ||    10
Dodge: Dodged            |    31 |    26 |    36 ||    93
Block: Shield            |    16 |    31 |    42 ||    89
